 Dungeon Crawl Stone Soup version 0.23.2-1-ga50397a (webtiles) character file.

Game seed: 16068619780715643185

429 Fang the Skirmisher (level 6, -2/40 HPs)
             Began as a Gargoyle Berserker on May 8, 2019.
             Was a Priest of Trog.
             Slain by a hound (3 damage)
             ... on level 4 of the Dungeon.
             The game lasted 00:05:38 (3013 turns).

Fang the Skirmisher (Gargoyle Berserker)            Turns: 3013, Time: 00:05:39

Health: -2/40      AC:  8    Str: 23    XL:     6   Next: 98%
Magic:  6/6        EV: 13    Int:  7    God:    Trog [***...]
Gold:   160        SH:  0    Dex:  9    Spells: 5/5 levels left

rFire    . . .     SeeInvis .   a - +0 hand axe
rCold    . . .     Gourm    .   (no shield)
rNeg     + . .     Faith    .   b - +0 animal skin
rPois    ∞         Spirit   .   f - +2 hat
rElec    +         Reflect  .   (no cloak)
rCorr    +         Harm     .   (no gloves)
MR       .....                  (no boots)
Stlth    +.........             (no amulet)
HPRegen  0.13/turn              r - ring of resist corrosion
MPRegen  0.10/turn              (no ring)

@: berserk cooldown, slowed, very slow
A: negative energy resistance 1, electricity resistance, unbreathing,
petrification resistance, rot immunity, AC +4
a: Berserk, Trog's Hand, Renounce Religion


You were on level 4 of the Dungeon.
You worshipped Trog.
Trog was most pleased with you.
You were very hungry.

You visited 1 branch of the dungeon, and saw 4 of its levels.

You collected 160 gold pieces.

Inventory:

Hand Weapons
 a - a +0 hand axe (weapon)
Armour
 b - a +0 animal skin (worn)
 f - a +2 hat (worn)
Jewellery
 r - a ring of resist corrosion (left hand)
Scrolls
 e - 3 scrolls of blinking
 h - a scroll of fog {unknown}
 i - a scroll of remove curse
 j - a scroll of enchant weapon {unknown}
 k - a scroll of teleportation {unknown}
Potions
 d - a potion of degeneration {unknown}
 g - 2 potions of lignification {unknown}
 l - a potion of haste {unknown}
 m - a potion of heal wounds {unknown}
Comestibles
 c - 8 rations
 n - a chunk of flesh


   Skills:
 + Level 5.0 Fighting
 + Level 4.1 Axes
 + Level 4.3 Armour
 + Level 3.2 Dodging


You had 5 spell levels left.
You didn't know any spells.
Your spell library was empty.

Dungeon Overview and Level Annotations

Branches:
Dungeon (4/15)
 Temple: D:4-7

Altars:


Innate Abilities, Weirdness & Mutations

You are resistant to torment.
Your stone body is resilient. (AC +4)
You are immune to poison.
You resist negative energy. (rN+)
You are resistant to electric shocks. (rElec)
You can survive without breathing.
You are immune to petrification.
You are immune to rotting.


Message History

There is a stone staircase leading up here.
You slash the hound!
The hound is heavily wounded.
The hound barely misses you. x2
You closely miss the hound.
The hound is heavily wounded.
The hound closely misses you. The hound bites you but does no damage.
The hound closely misses you.
You closely miss the hound.
The hound is heavily wounded.
The hound barely misses you. x2
You barely miss the hound.
The hound is heavily wounded.
The hound barely misses you. The hound bites you but does no damage.
You hit the hound.
The hound is almost dead.
The hound bites you.
* * * LOW HITPOINT WARNING * * *
The hound bites you.
You die...

.#####
.....##
###.#.....
.....#.#
#####.#....#
#..........
#@#....#.#
#h#..).#
.#.#......#
#..........#
###.######..#
#. #..+ #
#.## #.. ###


You could see a hound.

Vanquished Creatures
  Grinder (D:3)
  An ogre (D:4)
  6 adders
  An ooze (D:1)
  3 worms
  4 dart slugs
  3 leopard geckos
  5 orcs (D:3)
  7 bats
  6 giant cockroaches
  13 goblins
  5 hobgoblins
  2 quokkas (D:2)
  2 frilled lizards
  13 kobolds
  5 rats
77 creatures vanquished.

Notes
Turn   | Place    | Note
-------+----------+-------------------------------------------
     0 | D:1      | Fang the Gargoyle Berserker began the quest for the Orb.
     0 | D:1      | Reached XP level 1. HP: 14/14 MP: 1/1
   114 | D:1      | Reached XP level 2. HP: 15/19 MP: 2/2
   246 | D:1      | Reached XP level 3. HP: 16/24 MP: 3/3
   312 | D:1      | Reached ** piety under Trog
   895 | D:2      | Reached XP level 4. HP: 24/29 MP: 4/4
   905 | D:2      | Found a faded altar of an unknown god.
  1109 | D:2      | Reached skill level 4 in Fighting
  1770 | D:3      | Noticed Grinder
  1825 | D:3      | Paralysed by Grinder for 6 turns
  1832 | D:3      | Killed Grinder
  1832 | D:3      | Reached XP level 5. HP: 3/34 MP: 5/5
  1832 | D:3      | Reached XP level 6. HP: 4/39 MP: 6/6
  2425 | D:3      | Reached *** piety under Trog
  2997 | D:4      | Reached skill level 5 in Fighting
  3013 | D:4      | HP: 1/40 [hound (5)]
  3013 | D:4      | Slain by a hound

Skill      XL: |  1  2  3  4  5  6 |
---------------+-------------------+-----
Axes           | 3 4 |  4.1
Dodging        | 2 3 |  3.2
Fighting       | 4 5 |  5.0
Armour         | 3 4 |  4.3

Action                   |  1- 3 |  4- 6 || total
-------------------------+-------+-------++-------
Melee: Hand axe          |    98 |   159 ||   257
Invok: Berserk           |       |     5 ||     5
  Use: Scroll            |     1 |     5 ||     6
 Stab: Sleeping          |       |     1 ||     1
  Eat: Chunk             |       |     7 ||     7
       Ration            |       |     1 ||     1
Armor: Animal skin       |    28 |    66 ||    94
Dodge: Dodged            |    69 |    88 ||   157
